 BcadrenCrawl: Boulder Brew version 0.04 (webtiles) character file.

Game seed: 17294807111274191826, levelgen mode: deterministic

2326 Chiseanne the Nimble (level 9, -10/66 HPs) Goblin Demonspawn. Began on Mar 20, 2021. Was an Initiate of Gozag Ym Sagoz. Killed by the air ... invoked by Gastronok (22 damage) ... on level 4 of the Dungeon. The game lasted 00:12:59 (5459 turns).

Chiseanne the Nimble (Goblin Demonspawn)            Turns: 5459, Time: 00:13:00

Health: -10/66     AC: 11    Str: 12    XL:     9 ^: 586
Magic:  0/11       EV: 15    Int:  6    God:    Gozag Ym Sagoz
Gold:   618        SH:  0    Dex:  6    Spells: 9/10 levels left

rFire    + + +     Vision   .   a - +0 dagger (speed)
rCold    . . .     Gourm    .   s - +3 short sword (venom)
rNeg     . . .     Faith    .   v - +0 ring mail
rPois    .         Spirit   +   (no helmet)
rElec    .         Reflect  .   (no cloak)
rCorr    .         Harm     .   h - +0 pair of gloves "Nauriegina" {+Inv rF++ MR- Str+4}
MR       .....                  g - +0 pair of boots
Stlth    +.........             (no amulet)
HPRegen  0.32/turn              (no ring)
MPRegen  0.21/turn              (no ring)

@: no status effects
A: small, stagnant stats, goblin's greed, hooves 2, molten scales 2, fire
resistance 1, low mp 1, mutation resistance 1, magic shield, god's pity 2
a: Potion Petition, Call Merchant, Bribe Branch, Renounce Religion, Evoke
Invisibility


You were on level 4 of the Dungeon.
You worshipped Gozag Ym Sagoz.
Gozag Ym Sagoz was pleased with you.
You were full.

You visited 2 branches of the dungeon, and saw 5 of its levels.

You collected 578 gold pieces.
You paid 76 gold pieces to Gozag.

Inventory:

Weapons
 a - a +0 dagger of speed (weapon)
 s - a +3 short sword of venom (weapon)
 u - a cursed +1 hatchet of caustic ooze {(Curse: *Rage)}
 w - a +0 hunting sling
Armour
 g - a +0 pair of boots (worn)
 h - the +0 pair of gloves "Nauriegina" (worn) {+Inv rF++ MR- Str+4}
   (You acquired it on level 1 of the Dungeon)

   It affects your strength (+4).
   It greatly protects you from fire.
   It affects your resistance to hostile enchantments.
   It lets you turn invisible.
 v - a +0 ring mail (worn)
Jewellery
 f - a cursed amulet of the gourmand {(Curse: MR-)}
 n - an uncursed amulet of magic regeneration
 t - a cursed ring of magical power {(Curse: rC-)}
 z - an uncursed amulet of chaos
Wands
 y - a wand of polymorph (8)
Scrolls
 b - a scroll of holy word
 e - 2 scrolls of teleportation
 j - a scroll of fog
 l - a scroll of enchantment
 r - a scroll of amnesia
Potions
 i - 4 potions of mutation
 k - 2 potions of curing
 m - a potion of ambrosia
 o - a potion of cancellation
 p - a potion of cure mutation
 q - 2 potions of lignification
 x - a potion of magic
Comestibles
 d - 7 rations


   Skills:
 * Level 8.0 Fighting
   Level 2.6 Long Blades
 * Level 6.1 Armour
 * Level 8.9 Dodging
 - Level 2.6 Stealth
 - Level 1.3 Spellcasting
 - Level 2.6 Fire Magic
   Level 4.0 Invocations
 * Level 7.0 Evocations


You had 9 spell levels left.
You knew the following spells:

 Your Spells              Type           Power        Failure   Level  Hunger
a - Flame Tongue          Fire           3 (30)       21%         1    ##.....

Your spell library contained the following spells:

 Spells                   Type           Power        Failure   Level  Hunger
 Conjure Flame            Fire           3 (100)      52%         3    ####...
 Blink                    Tloc           N/A          67%         2    ###....
 Call Imp                 Summ           0 (100)      67%         2    ###....
 Slow                     Hex            0 (100)      67%         2    ###....
 Mephitic Cloud           Pois/Air       0 (100)      88%         3    ####...


Dungeon Overview and Level Annotations

Branches:
Dungeon (4/8)              Temple (1/1) D:4

Altars:
Elyvilon
Fedhas Madash
Gozag Ym Sagoz
Makhleb
Okawaru
Trog
Wu Jian

Annotations:
D:4 Gastronok


Innate Abilities, Weirdness & Mutations

Your stats never grow through leveling.
Your goblin ancestry allows you to find more gold. (+20%)
You are small and have problems with some larger weapons.
You have hoof-like feet.
You are mostly covered in molten scales. (AC +3)
You are heat resistant. (rF+)
Your magical capacity is low. (-10% MP)
You are somewhat resistant to further mutation.
When hurt, damage is shared between your health and your magic reserves.
The pity of the gods increases the power of your passive and invoked divine abilities.


Message History

You hit Gastronok but do no damage. You hit Gastronok (1).
Gastronok looks as sick as possible!
The sewer rat bites you but does no damage.
The sewer rat barely misses you (0).
Gastronok sloshes about.
Gastronok waves his eye-stalks in wide circles.
The air twists around and strikes you (17)!
* * * LOW HITPOINT WARNING * * *
You see here a cursed -2 leather armour {(Curse: -Tele rC-)}.
Gastronok casts a spell.
Gastronok puts on a burst of speed!
The sewer rat closely misses you (0).
Gastronok wobbles crazily.
The sewer rat barely misses you (0).
The sewer rat bites you but does no damage.
Gastronok's eyestalks stretch out, then return to normal size.
You feel yourself speed up.
Gastronok waves his eye-stalks in wide circles.
The air twists around and strikes you (28)!!
You die...
Your body crumbles into a pile of gold.

.......#.........................
...###......................)....
.###....###..######........[)).<>
.#......# #..# #.#####..)#####
........# #..# #.# #...#
#.......# #..# #.# #...#
........###..# #.# #...#
..........[)<######.#####...#####
...........).r..@................
......[..w...r...################
####.###########.# # #.# #[# #
#.# #.# ####### #.# #.# ##......
#.###########.#########..#####
####.....................#..#.._.
............................#....


You could see Gastronok and 2 sewer rats.

Vanquished Creatures
  A hippogriff (D:4)
  2 humans (D:4)
  A phantom (D:3)
  A wolf spider zombie (D:4)
  An orc warrior (D:4)
  2 water moccasins (D:4)
  A redback zombie (D:4)
  A sky beast (D:4)
  3 ogres
  A big kobold (D:2)
  2 bullfrogs
  3 killer bees (D:4)
  An orc priest (D:4)
  3 orc wizards
  A gnoll shaman (D:4)
  2 worker ants (D:3)
  A wyvern skeleton (D:4)
  4 giant cockroaches
  A bullfrog zombie (D:4)
  3 bullfrog skeletons
  A shadow imp (D:3)
  6 adders
  7 gnolls (D:4)
  6 sewer rats (D:1)
  3 cinder newts
  4 worms
  A worker ant zombie (D:4)
  3 oozes (D:1)
  2 hound skeletons (D:3)
  2 dart slugs (D:1)
  A leopard gecko (D:4)
  13 orcs
  A ball python (D:3)
  3 goblins (D:1)
  A jackal (D:3)
  3 quokkas
  5 bats
  A bat skeleton (D:2)
  5 kobolds
  A kobold skeleton (D:2)
  A leopard gecko skeleton (D:3)
  12 rats (D:1)
  A butterfly (D:4)
  A withered plant (D:2)
119 creatures vanquished.

Vanquished Creatures (others)
  An orc (D:3)
  A ball python (D:2)
  A bat skeleton (D:2)
  A goblin skeleton (D:2)
  A slimehead (D:2)
  53 withered plants (D:2)
58 creatures vanquished.

Grand Total: 177 creatures vanquished

Notes
Turn   | Place    | Note
-------+----------+-------------------------------------------
     0 | D:1      | Chiseanne the Goblin Demonspawn began the quest for the
                  | Orb.
     0 | D:1      | Reached XP level 1. HP: 13/13 MP: 2/2
    86 | D:1      | Gained mutation: You are partially covered in molten
                  | scales. (AC +2) [demonic ancestry]
    86 | D:1      | Reached XP level 2. HP: 20/20 MP: 3/3
   162 | D:1      | Reached XP level 3. HP: 25/25 MP: 4/4
   396 | D:1      | Reached skill level 5 in Dodging
   396 | D:1      | Gained mutation: You have large cloven feet. [demonic
                  | ancestry]
   396 | D:1      | Reached XP level 4. HP: 31/31 MP: 5/5
   462 | D:1      | Identified a scroll of acquirement
   477 | D:1      | Identified the +0 pair of gloves "Nauriegina" {+Inv rF++
                  | MR- Str+4} (You acquired it on level 1 of the Dungeon)
   477 | D:1      | Identified the ring "Pixu" {Str+3 Int+5} (You acquired it
                  | on level 1 of the Dungeon)
   795 | D:1      | Reached skill level 1 in Evocations
   795 | D:1      | Gained mutation: You are heat resistant. (rF+) [demonic
                  | ancestry]
   795 | D:1      | Reached XP level 5. HP: 37/37 MP: 6/6
  1474 | D:2      | Gained mutation: When hurt, damage is shared between your
                  | health and your magic reserves. [demonic ancestry]
  1474 | D:2      | Reached XP level 6. HP: 29/44 MP: 7/7
  2034 | D:3      | Identified the cursed ring of the Endless Expanse {rCorr
                  | Str-4 Dex+7, (Curse: Fragile)}
  2058 | D:3      | Reached skill level 5 in Fighting
  2058 | D:3      | Reached skill level 1 in Armour
  2058 | D:3      | Gained mutation: You have hoof-like feet. [demonic
                  | ancestry]
  2058 | D:3      | Reached XP level 7. HP: 50/50 MP: 8/8
  2778 | D:3      | Reached XP level 8. HP: 49/57 MP: 9/9
  3167 | D:4      | Found a staircase to the Ecumenical Temple.
  3179 | Temple   | Entered the Ecumenical Temple
  3188 | Temple   | Became a worshipper of Gozag Ym Sagoz the Greedy
  3225 | D:4      | Reached skill level 5 in Evocations
  3782 | D:4      | Gained mutation: You are mostly covered in molten scales.
                  | (AC +3) [demonic ancestry]
  3782 | D:4      | Reached XP level 9. HP: 48/64 MP: 9/11
  4062 | D:4      | Reached skill level 5 in Armour
  4178 | D:4      | HP: 3/64 [poisoned by a killer bee]
  4183 | D:4      | HP: 2/64 [poisoned by a killer bee]
  4188 | D:4      | HP: 1/64 [poisoned by a killer bee]
  4196 | D:4      | HP: 2/64 [poisoned by a killer bee]
  4204 | D:4      | HP: 2/64 [poisoned by a killer bee]
  4504 | D:4      | Found an iron altar of Okawaru.
  4504 | D:4      | Noticed Gastronok
  5459 | D:4      | Killed from afar by Gastronok

Levels and vault maps discovered:
D:1:      onia_arrival_handbag, layout_basic, chequers_serial_rivers_micro_a,
          lightli_sewer_entry_pipes
D:2:      layout_sewer, sewer_co_tree, serial_rivers,
          chequers_serial_rivers_micro_b, chequers_serial_rivers_room_b,
          chequers_serial_rivers_small_b, chequers_serial_rivers_micro_d,
          tgw_sif
D:3:      layout_gridville, first_ration, grunt_ogre_cave,
          kennysheep_windowed_goal
D:4:      layout_small_grid, okawaru_humans, minmay_temple_entry_slanted,
          uniq_gastronok, uniq_crazy_yiuf_cottage
Temple:   regret_index_temple_mists

Skill      XL: |  1  2  3  4  5  6  7  8  9 |
---------------+----------------------------+-----
Fighting       | 2 3 4 5 7 8 |  8.0
Dodging        | 5 6 8 |  8.9
Evocations     | 1 2 3 4 5 7 |  7.0
Armour         | 1 2 4 6 |  6.1
Long Blades    | |  2.6
Stealth        | |  2.6
Spellcasting   | |  1.3
Fire Magic     | |  2.6
Invocations    | |  4.0

Action                   |  1- 3 |  4- 6 |  7- 9 || total
-------------------------+-------+-------+-------++-------
Melee: Long sword        |    28 |   129 |       ||   157
       Unarmed           |     2 |       |       ||     2
       Whip              |    16 |    65 |       ||    81
       Short sword       |       |    45 |   250 ||   295
       Dagger            |       |       |   265 ||   265
 Fire: Hunting sling     |       |     4 |     2 ||     6
 Abil: Evoke Invisibilit |       |       |     1 ||     1
Evoke: Wand              |       |       |     1 ||     1
  Use: Scroll            |       |     2 |     2 ||     4
       Potion            |       |       |     4 ||     4
 Stab: Sleeping          |     1 |     2 |       ||     3
       Distracted        |       |       |     1 ||     1
  Eat: Chunk             |       |     5 |     4 ||     9
       Ration            |       |       |     4 ||     4
Armor: Leather armour    |     5 |    48 |       ||    53
       Ring mail         |       |       |   100 ||   100
Dodge: Dodged            |    28 |   235 |   215 ||   478
       Rpst.: Long sword |    10 |    69 |       ||    79
